 Dungeon Crawl Stone Soup version 0.28.0-45-g0d030f2227 (webtiles) character file.

Game seed: 16775318649166357280

6666 NinjaNoafa the Nimble (level 11, -22/79 HPs)
             Began as a Djinni Conjurer on Apr 15, 2022.
             Was an Elder of Elyvilon.
             Annihilated by a death yak (26 damage)
             ... on level 9 of the Dungeon on Apr 16, 2022.
             The game lasted 00:47:04 (9250 turns).

NinjaNoafa the Nimble (Djinni Conjurer)             Turns: 9250, Time: 00:47:04

Health: -22/79     AC: 13    Str: 10    XL:     11   Next: 22%
Gold:   52         EV: 14    Int: 25    God:    Elyvilon [****..] SH:  0 Dex: 11

rFire   + + +      SeeInvis .   a - +2 triple sword (antimagic)
rCold   x . .      Faith    .   (shield currently unavailable)
rNeg    . . .      Spirit   .   t - +0 leather armour of Vexation {Harm rC+ Str+4 Stlth+}
rPois   ∞          Reflect  .   (no helmet)
rElec   .          Harm     +   K - +2 cloak
rCorr   .          Rampage  .   D - +1 pair of gloves
Will    +....      Rnd*Tele +   (boots unavailable)
Stlth   +++.......              k - amulet of regeneration
HPRegen 1.03/turn               A - ring of fire
MPRegen 0.00/turn               J - +4 ring of protection

@: mighty, about to teleport, flying, studying Dodging
A: sickness immunity, fire resistance 2, cold vulnerability 1, float, innate
caster, HP casting, extra vitality 1, teleportitis 1
a: Renounce Religion, Purification, Heal Other, Heal Self


You were on level 9 of the Dungeon.
You worshipped Elyvilon.
Elyvilon was greatly pleased with you.
You visited 2 branches of the dungeon, and saw 11 of its levels.

You collected 377 gold pieces.
You spent 325 gold pieces at shops.

Inventory:

Hand Weapons
 a - a +2 antimagic triple sword (weapon)
 d - a +0 whip
 e - a +0 hunting sling
 i - a +0 whip of pain
 l - a +5 flail
 o - a +0 spectral quarterstaff
 r - a +3 whip
 u - a +0 short sword of venom
 I - a +0 dagger of speed
 L - a +3 vorpal hand axe
Missiles
 m - 5 throwing nets
 n - 187 stones
 q - 9 boomerangs
 x - 76 sling bullets
 H - 29 poisoned darts (quivered)
Armour
 t - the +0 leather armour of Vexation (worn) {Harm rC+ Str+4 Stlth+}
   (You found it on level 3 of the Dungeon)

   Str:       It affects your strength (+4).
   rC:        It protects you from cold.
   Harm:      It increases damage dealt and taken.
   Stlth:     It makes you more stealthy.
 D - a +1 pair of gloves (worn)
 E - a +0 robe
 G - +0 steam dragon scales
 K - a +2 cloak (worn)
Jewellery
 g - a ring of see invisible
 k - an amulet of regeneration (around neck)
 w - a ring of fire
 A - a ring of fire (left hand)
 J - a +4 ring of protection (right hand)
Wands
 j - a wand of iceblast (16)
 v - a wand of polymorph (7)
 y - a wand of flame (25)
Scrolls
 b - 2 scrolls of fog
 c - a scroll of summoning
 f - 3 scrolls of identify
 C - a scroll of vulnerability
 M - a scroll of enchant armour
Potions
 p - 2 potions of curing
 s - a potion of might
 z - 3 potions of cancellation


   Skills:
 - Level 7.0 Fighting
 * Level 2.1 Long Blades
 - Level 5.0 Armour
 - Level 9.0 Dodging
 - Level 3.0 Stealth
 + Level 8.1 Spellcasting
 - Level 5.0 Invocations
 * Level 4.8 Evocations


You couldn't memorise any spells.
You knew the following spells:

 Your Spells              Type           Power      Damage    Failure   Level
a - Magic Dart            Conj           100%       1d8       1%          1
b - Searing Ray           Conj           100%       2d8       1%          2
c - Dazzling Flash        Conj/Hex       100%       N/A       1%          3
d - Fulminant Prism       Conj/Hex       25%        3d14      2%          4
e - Iskenderun's Mystic   Conj/Tloc      50%        2d11      2%          4
f - Foxfire               Conj/Fire      100%       2x1d9     1%          1
g - Wereblood             Tmut           50%        N/A       1%          2
h - Teleport Other        Tloc           50%        N/A       1%          3
i - Leda's Liquefaction   Hex/Erth       25%        N/A       2%          4
j - Fireball              Conj/Fire      33%        3d14      8%          5
Your spell library was empty.

Dungeon Overview and Level Annotations

Branches:
Dungeon (10/15)            Temple (1/1) D:4            Lair (0/6) D:9
    Orc (0/2) D:9

Altars:
Ashenzari
Cheibriados
Dithmenos
Elyvilon
Fedhas
Gozag
Hepliaklqana
Kikubaaqudgha
Makhleb
Nemelex Xobeh
Okawaru
Qazlal
Ru
Sif Muna
Trog
Uskayaw
Vehumet
Wu Jian
Xom
Yredelemnul
Zin
The Shining One

Shops:
D:2 *(

Annotations:
D:8 3 runed translucent doors, AlmostDecent's ghost, novice FoFi


Innate Abilities, Weirdness & Mutations

You are immune to sickness and miasma.
You are immune to poison.
Your flesh is very heat resistant. (rF++)
You are vulnerable to cold. (rC-)
You float through the air rather than walking.
You learn spells naturally, not from books.
Your magical power is your life essence.
You have superior vitality. (+4 MHP)
You are occasionally teleported next to monsters.


Message History

Aim: a death yak (heavily wounded)
The mass of ice explodes!
The iceblast engulfs the death yak!
The death yak is severely wounded.
Aiming: Iceblast
Press: ? - help, Shift-Dir - straight line, f - death yak, p - death yak
Aim: a death yak (almost dead)
The mass of ice explodes!
The iceblast engulfs the death yak!
You kill the death yak!
The iceblast engulfs the death yak.
The death yak is almost dead.
The death yak misses you.
Your Long Blades skill increases to level 1!
Your Evocations skill increases to level 4!
You hit the death yak.
The death yak is almost dead.
The death yak misses you. The death yak gores you.
You slash the death yak!
You kill the death yak!
The death yak barely misses you.
The death yak snorts and paws the ground.
The death yak gores you but does no damage.
Training target 7.0 for Fighting reached!
Your Fighting skill increases to level 7!
Your Long Blades skill increases to level 2!
You feel very mighty all of a sudden. The death yak completely misses you.
The death yak gores you!!
It was a potion of mutation.
You feel extremely strange.
You feel weirdly uncertain. The death yak gores you!! x2
* * * LOW HITPOINT WARNING * * *
The death yak misses you.
As you read the scroll of fear, it crumbles to dust.
You assume a fearsome visage.
The death yak resists with some effort.
The death yak looks frightened!
The death yak resists with almost no effort.
The death yak closely misses you. The death yak gores you!!
Elyvilon protects you from harm!
As you read the scroll of teleportation, it crumbles to dust.
You feel strangely unstable. The death yak gores you!!
You die...

.......Y## ##..# #^..........#
....Y...# #..####......)....#
........# #.>...............#
..Y..Y..# #.####............#
........# #.#..#............#
........######....#............#
.................##............#
..............†Y.##......#######
..#.#.#*..#Y@#####.#.#
........#.#####.#.#
#.........Y##....#.#
............##.#..#.#
..#...........#.####.#
..............#.####.#
.....>.......#......#
......##.######## #.#...
#.###############


You could see 3 death yaks.

Vanquished Creatures
  2 death yaks (D:9)
  A manticore (D:7)
  Joseph (D:7)
  A troll (D:9)
  A hornet (D:9)
  Prince Ribbit (D:6)
  3 yaks (D:8)
  A wraith (D:9)
  2 steam dragons
  An acid dragon (D:8)
  A hornet zombie (D:8)
  Duvessa (D:5)
  A black bear (D:5)
  3 orc warriors
  An ice beast (D:6)
  A sky beast (D:6)
  A necrophage (D:6)
  2 ogres
  3 centaurs
  A phantom (D:4)
  4 kobold brigands
  A gnoll sergeant (D:8)
  3 bullfrogs
  2 scorpions
  Dowan (D:5)
  6 killer bees (D:7)
  5 wights (D:8)
  A howler monkey (D:7)
  2 centaur zombies
  A bullfrog skeleton (D:5)
  A centaur skeleton (D:7)
  Crazy Yiuf (D:7)
  4 orc priests
  A hound (D:5)
  4 orc wizards
  3 iguanas
  Ijyb (D:4)
  A killer bee zombie (D:8)
  Robin (D:4)
  A howler monkey skeleton (D:5)
  5 gnolls (D:8)
  4 adders
  A white imp (D:5)
  2 worms
  2 dart slugs
  38 orcs
  5 bats
  3 endoplasms
  3 giant cockroaches
  17 goblins
  7 hobgoblins
  4 jackals (D:5)
  4 quokkas
  7 ball pythons
  A frilled lizard (D:1)
  24 kobolds
  10 rats
  2 fulminant prisms (D:7)
212 creatures vanquished.

Vanquished Creatures (others)
  85 foxfires
  46 fulminant prisms
131 creatures vanquished.

Grand Total: 343 creatures vanquished

Notes
Turn   | Place    | Note
-------+----------+-------------------------------------------
     0 | D:1      | NinjaNoafa the Djinni Conjurer began the quest for the Orb.
     0 | D:1      | Reached XP level 1. HP: 15/15 MP: 0/0
   335 | D:1      | Reached XP level 2. HP: 21/22 MP: 0/0
   854 | D:1      | Reached XP level 3. HP: 23/26 MP: 0/0
   854 | D:1      | Learned a level 1 spell: Foxfire
  1014 | D:1      | Found a faded altar of an unknown god.
  1383 | D:2      | Found Gaom's Antique Weapon Shoppe.
  1544 | D:2      | Reached skill level 1 in Fighting
  1960 | D:2      | Found Saux's Assorted Antiques.
  2349 | D:3      | Reached XP level 4. HP: 29/32 MP: 0/0
  2625 | D:3      | Identified the +0 leather armour of Vexation {Harm rC+
                  | Str+4 Stlth+}
  2879 | D:4      | Found a staircase to the Ecumenical Temple.
  2883 | Temple   | Entered the Ecumenical Temple
  3682 | Temple   | Became a worshipper of Elyvilon the Healer
  3741 | D:4      | Noticed a bullfrog
  3752 | D:4      | Killed a bullfrog
  3753 | D:4      | Reached skill level 3 in Dodging
  3753 | D:4      | Reached XP level 5. HP: 28/38 MP: 0/0
  3753 | D:4      | Learned a level 2 spell: Wereblood
  3817 | D:4      | Noticed Robin
  3827 | D:4      | Killed Robin
  3828 | D:4      | Reached skill level 1 in Evocations
  3880 | D:4      | Noticed Ijyb
  3895 | D:4      | Killed Ijyb
  3896 | D:4      | Reached XP level 6. HP: 26/43 MP: 0/0
  3923 | D:4      | Noticed an ogre
  3956 | D:4      | Killed an ogre
  4042 | D:4      | Noticed a steam dragon
  4048 | D:4      | Killed a steam dragon
  4049 | D:4      | Reached XP level 7. HP: 28/49 MP: 0/0
  4049 | D:4      | Learned a level 3 spell: Teleport Other
  4169 | D:4      | Reached * piety under Elyvilon
  4175 | D:4      | Reached skill level 4 in Dodging
  4456 | D:5      | Entered Level 5 of the Dungeon
  4600 | D:5      | Reached skill level 5 in Spellcasting
  4600 | D:5      | Reached skill level 1 in Invocations
  4600 | D:5      | Reached XP level 8. HP: 49/56 MP: 0/0
  4667 | D:5      | Reached skill level 5 in Dodging
  4897 | D:5      | Noticed Duvessa
  4898 | D:5      | Noticed Dowan
  4996 | D:5      | Killed Duvessa
  4997 | D:5      | Reached skill level 1 in Armour
  4999 | D:5      | Killed Dowan
  5387 | D:6      | Reached ** piety under Elyvilon
  5486 | D:6      | Reached skill level 6 in Dodging
  5560 | D:6      | Reached XP level 9. HP: 48/62 MP: 0/0
  5560 | D:6      | Learned a level 4 spell: Leda's Liquefaction
  5805 | D:6      | Noticed Prince Ribbit
  5818 | D:6      | Killed Prince Ribbit
  6076 | D:7      | Reached skill level 7 in Dodging
  6119 | D:7      | Noticed a manticore
  6125 | D:7      | Killed a manticore
  6126 | D:7      | Reached skill level 5 in Fighting
  6380 | D:7      | Noticed Joseph
  6576 | D:7      | Elyvilon protects you from harm!
  6578 | D:7      | Killed Joseph
  6579 | D:7      | Reached XP level 10. HP: 11/70 MP: 0/0
  6765 | D:7      | Found a runed translucent door.
  6766 | D:7      | Noticed Crazy Yiuf
  6774 | D:7      | Killed Crazy Yiuf
  7158 | D:8      | Reached *** piety under Elyvilon
  7415 | D:8      | Found a runed translucent gate.
  7415 | D:8      | Found a runed translucent gate.
  7415 | D:8      | Found a runed translucent gate.
  7417 | D:8      | Noticed AlmostDecent's ghost (novice FoFi)
  7513 | D:8      | Reached skill level 5 in Invocations
  7514 | D:8      | Reached skill level 5 in Armour
  7651 | D:8      | Reached skill level 8 in Dodging
  7742 | D:8      | Noticed a centaur warrior
  7744 | D:8      | Noticed a two-headed ogre
  7745 | D:8      | Noticed a centaur warrior
  7745 | D:8      | Noticed a centaur warrior
  7746 | D:8      | Noticed a manticore
  7746 | D:8      | Noticed a deep elf pyromancer
  7923 | D:8      | Noticed a centaur warrior
  8505 | D:9      | Reached **** piety under Elyvilon
  8556 | D:9      | Reached skill level 9 in Dodging
  8613 | D:9      | Found a staircase to the Orcish Mines.
  8622 | D:9      | Noticed a death yak
  8622 | D:9      | Noticed a death yak
  8622 | D:9      | Noticed a death yak
  8623 | D:9      | Noticed a death yak
  8623 | D:9      | Noticed a death yak
  8818 | D:2      | Bought a glowing triple sword for 325 gold pieces
  9012 | D:9      | Found a staircase to the Lair.
  9041 | D:9      | Reached XP level 11. HP: 40/78 MP: 0/0
  9041 | D:9      | Learned a level 5 spell: Fireball
  9044 | D:10     | Entered Level 10 of the Dungeon
  9178 | D:9      | Found a flagged portal.
  9244 | D:9      | Killed a death yak
  9245 | D:9      | Reached skill level 1 in Long Blades
  9246 | D:9      | Killed a death yak
  9248 | D:9      | Gained mutation: You are occasionally teleported next to
                  | monsters. [potion of mutation]
  9248 | D:9      | HP: 2/79 [death yak (25)]
  9249 | D:9      | Elyvilon protects you from harm!
  9250 | D:9      | Annihilated by a death yak

Illustrated notes

Levels and vault maps discovered:
D:1:      minmay_arrival_four_circles, layout_loops_ring,
          shapermc_ecumenical_altar_mp_vishouse, minmay_3d_cube
D:2:      layout_basic, serial_shops, nicolae_lakefront_shop,
          nicolae_diamond_shop
D:3:      layout_rooms
D:4:      layout_cave_pools, mainiacjoe_overflow_cross_hatched,
          minmay_temple_entry_hall, minmay_manual_mandibuliform, uniq_robin,
          uniq_ijyb
D:5:      layout_loops_ring, chequers_decorated_corner, uniq_duvessa
D:6:      layout_loops_ring, uniq_prince_ribbit1
D:7:      layout_rooms, uniq_joseph, uniq_crazy_yiuf_cottage
D:8:      layout_loops_corners, gammafunk_ghost_necromancy, minivault_12
D:9:      layout_basic, dpeg_lair_monsters, orc_0_dummy, enter_bailey_4
D:10:     layout_basic, serial_shops, shop, uniq_sonja
Temple:   nicolae_temple_the_god_donut

Skill      XL: |  1  2  3  4  5  6  7  8  9 10 11 |
---------------+----------------------------------+-----
Fighting       | 1 2 3 4 5 6 7 |  7.0
Stealth        | 2 3 |  3.0
Dodging        | 3 4 6 7 9 |  9.0
Spellcasting   | 4 5 7 8 |  8.1
Evocations     | 1 2 3 4 |  4.8
Invocations    | 1 2 4 5 |  5.0
Armour         | 2 4 5 |  5.0
Long Blades    | 2 |  2.1

Action                   |  1- 3 |  4- 6 |  7- 9 | 10-12 || total
-------------------------+-------+-------+-------+-------++-------
Melee: Unarmed           |     4 |       |       |       ||     4
       Whip              |    13 |     7 |       |       ||    20
       Punch             |     1 |       |       |       ||     1
       Short sword       |       |     6 |    30 |       ||    36
       Hand axe          |       |       |    11 |     8 ||    19
       Triple sword      |       |       |       |     6 ||     6
       Flail             |       |       |       |     4 ||     4
 Fire: Hunting sling     |     1 |       |       |       ||     1
Throw: Boomerang         |       |    13 |       |       ||    13
       Dart              |       |       |       |     1 ||     1
 Cast: Magic Dart        |    43 |    21 |    17 |     9 ||    90
       Searing Ray       |    10 |    24 |    42 |    10 ||    86
       Foxfire           |     3 |     9 |    27 |    25 ||    64
       Teleport Other    |       |       |     3 |       ||     3
       Wereblood         |       |       |     5 |     1 ||     6
       Fulminant Prism   |       |       |    14 |    34 ||    48
       Dazzling Flash    |       |       |     3 |     3 ||     6
       Leda's Liquefacti |       |       |     2 |       ||     2
       Iskenderun's Myst |       |       |       |     1 ||     1
Evoke: Wand              |       |       |       |     4 ||     4
  Use: Scroll            |       |     1 |    17 |     5 ||    23
       Potion            |       |     1 |     8 |     3 ||    12
 Stab: Sleeping          |     2 |     1 |       |       ||     3
Armor: Robe              |     2 |       |       |       ||     2
       Leather armour    |       |     6 |    31 |    26 ||    63
Dodge: Dodged            |    15 |    25 |    84 |    37 ||   161
